 Dungeon Crawl Stone Soup version 0.29-a0-334-gb41bcbb86e (webtiles) character file.

Game seed: 686312303757036956

8698 spaghetti the Nimble (level 11, -3/72 HPs)
             Began as a Demonspawn Gladiator on Apr 13, 2022.
             Was a High Priest of Ru.
             Slain by a tengu warrior
             ... wielding a +2 long sword of flaming
              (7 damage)
             ... on level 9 of the Dungeon.
             The game lasted 00:18:57 (11538 turns).

spaghetti the Nimble (Demonspawn Gladiator)        Turns: 11538, Time: 00:18:58

Health: -3/72      AC:  9    Str: 15    XL:     11   Next: 13%
Magic:  5/11       EV: 33    Int:  9    God:    Ru [*****.]
Gold:   417        SH:  0    Dex: 19    Spells: 10/10 levels left

rFire   . . .      SeeInvis .   C - +2 dagger (elec) {short}
rCold   . . .      Faith    .   (shield unavailable)
rNeg    . . .      Spirit   .   G - +0 acid dragon scales
rPois   +          Reflect  .   v - +2 hat
rElec   .          Harm     .   (no cloak)
rCorr   +          Rampage  .   t - +0 pair of gloves
Will    .....                   (no boots)
Stlth   ..........              b - amulet of the acrobat
HPRegen 0.22/turn               (ring unavailable)
MPRegen 0.12/turn               u - ring of poison resistance

@: exhausted, about to teleport, acrobatic
A: horns 2, demonic guardian 1, missing a hand, no stealth, inability to use
devices, weakness stinger 2, demonic touch 2
a: Renounce Religion, Draw Out Power, Power Leap, Apocalypse


You were on level 9 of the Dungeon.
You worshipped Ru.
Ru was extremely pleased with you.
You visited 1 branch of the dungeon, and saw 8 of its levels.

You collected 417 gold pieces.


Innate Abilities, Weirdness & Mutations

You have a pair of horns on your head.
A weak demonic guardian rushes to your aid.
You are missing a hand.
You cannot be stealthy.
You cannot study or use magical devices.
You have a tail ending in a sharp stinger.
Your touch may inflict irresistible damage on your foes.


   Skills:
 - Level 2.0 Fighting
 + Level 10.3 Long Blades
 - Level 2.6 Maces & Flails
 + Level 5.6 Throwing
 + Level 2.6 Armour
 + Level 10.9 Dodging


You had 10 spell levels left.
You didn't know any spells.
Your spell library contained the following spells:

 Spells                   Type           Power      Damage    Failure   Level
 Gell's Gravitas          Tloc           0%         N/A       86%         3
 Lesser Beckoning         Tloc           0%         N/A       86%         3
 Teleport Other           Tloc           0%         N/A       86%         3
 Petrify                  Tmut/Erth      0%         N/A       99%         4
 Metabolic Englaciation   Hex/Ice        0%         N/A       100%        5
 Statue Form              Tmut/Erth      0%         N/A       100%        6

Inventory:

Hand Weapons
 a - a +0 flail {mace}
 j - a +2 whip of flaming {mace}
   (You took it off Pikel on level 3 of the Dungeon)
 n - a +0 rapier {short}
   (You found it on level 1 of the Dungeon)
 q - a +0 long sword {long}
   (You found it on level 3 of the Dungeon)
 x - a +4 spear {polearm}
   (You took it off a wight on level 8 of the Dungeon)
 y - a +3 morningstar {mace}
   (You took it off a wight on level 8 of the Dungeon)
 A - a +3 hand axe of freezing {axe}
   (You took it off a wight on level 8 of the Dungeon)
 C - a +2 dagger of electrocution (weapon) {short}
   (You took it off a kobold on level 9 of the Dungeon)
 H - a +3 dagger {short}
   (You took it off a kobold on level 9 of the Dungeon)
Missiles
 d - 8 throwing nets {=f!fthrowing}
 h - 160 stones (quivered) {throwing}
 o - 28 poisoned darts {throwing}
 p - 14 boomerangs {throwing}
 s - a javelin {throwing}
 w - 3 curare-tipped darts {=fthrowing}
Armour
 t - a +0 pair of gloves (worn)
   (You found it on level 5 of the Dungeon)
 v - a +2 hat (worn)
   (You found it on level 5 of the Dungeon)
 B - a +0 leather armour of cold resistance
   (You took it off an orc on level 8 of the Dungeon)
 G - +0 acid dragon scales (worn)
   (You found it on level 9 of the Dungeon)
Jewellery
 b - an amulet of the acrobat (around neck)
   (You found it on level 8 of the Dungeon)
 l - an amulet of faith {!P}
   (You took it off a centaur warrior on level 9 of the Dungeon)
 u - a ring of poison resistance (right hand)
   (You found it on level 5 of the Dungeon)
Wands
 E - a wand of charming (5)
   (You found it on level 9 of the Dungeon)
 F - a wand of paralysis (5)
   (You found it on level 9 of the Dungeon)
Scrolls
 c - a scroll of blinking {!r}
 f - a scroll of noise {!r}
 g - 2 scrolls of vulnerability {!r!r}
 i - a scroll of silence {!r}
 k - a scroll of teleportation {@r4}
 m - 3 scrolls of fog
 D - a scroll of magic mapping {!r}
Potions
 e - 3 potions of degeneration {!q@e2}
 r - a potion of cancellation
 z - a potion of attraction {!q}

Dungeon Overview and Level Annotations

Branches:
Dungeon (9/15)             Temple (0/1) D:5            Lair (0/6) D:9
    Orc: D:9-12

Altars:
Ru
Vehumet
Yredelemnul

Shops:
D:1 (   D:8 [

Annotations:
D:3 2 transporters, mnm's ghost, amateur NaBe

# #.#.'..............).....# #
#[#.#.......O............# #
#.#.##..###############..#### #
#.#..#...# #.............#... #
#.#..#...###............)#...
#####.#..##..O##..##########O#.##
......#...#....#..# ...O..)F#.#
......#...##...QF.# .Q.O....#.#
#####.#....###..@.## .#####..#.##
# #.#......####..# #..#... #
#.#.........##'# #..#...
#####.#............## #..####
....................# #O.#
......####..........##
#####.#..####........### #
#.#.....###........#### #### #
#.#...)...##..........####...


You could see a tengu warrior (inner flame), a two-headed ogre and a bullfrog.


Message History

You miss the killer bee. The killer bee misses you.
You hit the killer bee. You headbutt the killer bee!
The killer bee closely misses you. The killer bee stings you. 😕 HP[-4]
You take 4 damage, and now have 63/67 hp.
You completely miss the killer bee. You headbutt the killer bee.
You tail-slap the killer bee, but do no damage.
The killer bee stings you. 😕 HP[-3]
You take 3 damage, and now have 60/67 hp.
You miss the killer bee. Your headbutt misses the killer bee.
Your tail-slap misses the killer bee.
The killer bee completely misses you. The killer bee stings you! 😕 HP[-7]
You take 7 damage, and now have 53/67 hp.
You closely miss the killer bee.
Your tail-slap misses the killer bee.
The killer bee completely misses you.
You closely miss the killer bee. You headbutt the killer bee.
You kill the killer bee!
Activating: Apocalypse
Press: ? - help, Dir - look around, f - activate You reveal the great annihilating truth to your foes!
You kill the orc warrior!
You kill the two-headed ogre!
You kill the troll!
You kill the two-headed ogre!
You destroy the vampire mosquito!
You feel drained.
Your life force feels restored.
Your Armour skill increases to level 2!
You have reached level 11!
Your demonic ancestry asserts itself...
The horns on your head grow some more. 😕 HP[+5] MP[-8]
You now have 72 max hp (+5).
You regained 5 hp, and now have 58/72 hp.
You lost 8 mp, and now have 2/11 mp.
Unknown command.
Unknown command. 😕 HP[+1] 😕 MP[+1] 😕 HP[+1]
The tengu warrior attacks as you move away!
The tengu warrior closely misses you.
The tengu warrior pecks you but does no damage.
The tengu warrior misses you.
The tengu warrior attacks as you move away!
The tengu warrior hits you with a +2 long sword of flaming.
The tengu warrior burns you.
The tengu warrior completely misses you.
The tengu warrior claws you but does no damage. 😮 HP[-8]
You take 8 damage, and now have 52/72 hp.
The tengu warrior attacks as you move away!
The tengu warrior misses you. The tengu warrior pecks you.
The tengu warrior claws you but does no damage. 😮 HP[-5]
You take 5 damage, and now have 47/72 hp. 😮 MP[+1]
The tengu warrior attacks as you move away!
The tengu warrior hits you with a +2 long sword of flaming.
The tengu warrior burns you. The tengu warrior closely misses you.
The tengu warrior claws you but does no damage. 😮 HP[-9]
You take 9 damage, and now have 38/72 hp.
The tengu warrior attacks as you move away!
The tengu warrior hits you with a +2 long sword of flaming!
* * * LOW HITPOINT WARNING * * *
The tengu warrior burns you.
* * * LOW HITPOINT WARNING * * *
You focus your inner power and blind the tengu warrior in retribution!
The tengu warrior closely misses you.
The tengu warrior completely misses you. x2
The tengu warrior closely misses you. The tengu warrior misses you. 😨 HP[-15]
You take 15 damage, and now have 23/72 hp.
MASSIVE DAMAGE!! (PAUSE)
Okay, then.
Okay, then.
Okay, then.
As you read the scroll labelled PEYREU USSODYA, it crumbles to dust.
The creatures around you are filled with an inner flame!
It was a scroll of immolation.
The tengu warrior closely misses you. The tengu warrior barely misses you.
The tengu warrior claws you but does no damage.
The tengu warrior is no longer blind. 😨 HP[+1]
As you read the scroll of teleportation {@r4}, it crumbles to dust.
You feel strangely unstable.
The tengu warrior hits you but does no damage.
The tengu warrior pecks you.
* * * LOW HITPOINT WARNING * * *
The tengu warrior misses you. 😨 HP[-4] MP[+1]
You take 4 damage, and now have 20/72 hp.
Unknown command.
Unknown command.
Unknown command.
The tengu warrior attacks as you move away!
The tengu warrior hits you with a +2 long sword of flaming!
* * * LOW HITPOINT WARNING * * *
The tengu warrior burns you!
You die...

Skill      XL: |  1  2  3  4  5  6  7  8  9 10 |
---------------+-------------------------------+-----
Armour         | 1 2 |  2.6
Dodging        | 3 4 5 6 7 9 10 | 10.9
Long Blades    | 1 2 3 4 5 6 8 10 | 10.3
Throwing       | 3 5 |  5.6
Fighting       | |  2.0
Maces & Flails | |  2.6

Action                   |  1- 3 |  4- 6 |  7- 9 | 10-12 || total
-------------------------+-------+-------+-------+-------++-------
Melee: Flail             |    80 |       |       |       ||    80
       Touch             |     2 |       |       |       ||     2
       Long sword        |    19 |   139 |   278 |       ||   436
       Tailslap          |       |    16 |    51 |    23 ||    90
       Headbutt          |       |       |    69 |    28 ||    97
       Dagger            |       |       |    61 |   140 ||   201
Throw: Stone             |    34 |    51 |    95 |    24 ||   204
       Javelin           |       |     1 |     1 |       ||     2
       Boomerang         |       |       |     4 |       ||     4
Invok: Sacrifice a Hand  |     1 |       |       |       ||     1
       Draw Out Power    |     1 |     4 |     8 |     2 ||    15
       Sacrifice Artific |       |       |     1 |       ||     1
       Apocalypse        |       |       |     1 |     1 ||     2
       Sacrifice Stealth |       |       |     1 |       ||     1
  Use: Potion            |     2 |     3 |       |     2 ||     7
       Scroll            |       |       |     6 |     4 ||    10
 Stab: Invisible         |       |     5 |     1 |     1 ||     7
       Paralysed         |       |       |     3 |       ||     3
       Distracted        |       |       |     1 |     1 ||     2
Armor: Leather armour    |    27 |    25 |    74 |       ||   126
       Acid dragon scale |       |       |     1 |    23 ||    24
       Skin              |       |       |       |    21 ||    21
Dodge: Dodged            |    65 |   104 |   310 |    76 ||   555

Levels and vault maps discovered:
D:1:      dpeg_arrival_renting, layout_loops_ring,
          hellmonk_ecumenical_altar_pennies_from_heaven, serial_shops,
          nicolae_shop_statue_plus
D:2:      layout_basic, basic_altar, chequers_serial_rivers_marsh,
          minmay_misc_feat_five
D:3:      layout_rooms, gammafunk_ghost_arena
D:4:      layout_basic, uniq_pikel
D:5:      minmay_chambers_of_threes, layout_basic, temple_doors_cd,
          pf_guarded_unrand_meek, uniq_grinder
D:6:      layout_basic
D:8:      layout_gridville, serial_shops, kennysheep_mini_moat
D:9:      minmay_quarter_circles, layout_small_grid, lemuel_tele_altar,
          dpeg_oklobed_lair, grunt_ministairs_2

Notes
Turn   | Place    | Note
-------+----------+-------------------------------------------
     0 | D:1      | spaghetti the Demonspawn Gladiator began the quest for the
                  | Orb.
     0 | D:1      | Reached XP level 1. HP: 16/16 MP: 1/1
     0 | D:1      | magus.rc [v1.9.6]
   186 | D:1      | Found Keacydwa's Antique Weapon Shoppe.
   275 | D:1      | Reached skill level 1 in Armour
   275 | D:1      | Reached skill level 3 in Dodging
   275 | D:1      | You feel monstrous as your demonic heritage exerts itself.
   275 | D:1      | Discovered your monstrous ancestry.
   275 | D:1      | Gained mutation: Your touch may inflict minor irresistible
                  | damage on your foes. [demonic ancestry]
   275 | D:1      | Reached XP level 2. HP: 22/22 MP: 2/2
   358 | D:1      | Found a faded altar of an unknown god.
   543 | D:1      | Prayed at the altar of an unknown god.
   543 | D:1      | Became a worshipper of Ru the Awakened
   544 | D:1      | Gained mutation: You are missing a hand. [Ru sacrifice]
   544 | D:1      | Reached * piety under Ru
   544 | D:1      | Reached ** piety under Ru
   544 | D:1      | Reached *** piety under Ru
  1282 | D:2      | Gained mutation: A weak demonic guardian rushes to your
                  | aid. [demonic ancestry]
  1282 | D:2      | Reached XP level 3. HP: 25/27 MP: 3/3
  1472 | D:2      | Found a radiant altar of Vehumet.
  1612 | D:2      | Reached skill level 1 in Long Blades
  2243 | D:3      | Found a transporter.
  2247 | D:3      | Noticed mnm's ghost (amateur NaBe)
  2253 | D:3      | Found a transporter.
  2285 | D:2      | HP: 5/37 [something/magic dart (7)]
  2287 | D:2      | Reached XP level 4. HP: 6/33 MP: 4/4
  2648 | D:3      | Reached skill level 2 in Long Blades
  2648 | D:3      | Reached skill level 4 in Dodging
  2655 | D:3      | HP: 8/33 [something/puff of flame (10)]
  3176 | D:3      | Gained mutation: You have a small tail. [demonic ancestry]
  3176 | D:3      | Reached XP level 5. HP: 26/38 MP: 5/5
  3433 | D:4      | Noticed a phantom
  3447 | D:3      | HP: 9/38 [poisoned by a scorpion]
  3715 | D:3      | Reached skill level 3 in Long Blades
  4116 | D:4      | Gained mutation: Your touch may inflict irresistible damage
                  | on your foes. [demonic ancestry]
  4116 | D:4      | Reached XP level 6. HP: 27/44 MP: 6/6
  4292 | D:4      | Identified the +10 quarterstaff "Siqidan" {antimagic, rF+
                  | rCorr Int+3}
  4318 | D:4      | Reached skill level 5 in Dodging
  4322 | D:4      | HP: 11/44 [poisoned by a scorpion]
  4589 | D:5      | Entered Level 5 of the Dungeon
  4852 | D:4      | Reached skill level 4 in Long Blades
  5097 | D:4      | Reached XP level 7. HP: 35/50 MP: 7/7
  5440 | D:4      | Noticed Pikel
  5468 | D:3      | Killed Pikel
  5469 | D:3      | Reached skill level 5 in Long Blades
  5469 | D:3      | Reached skill level 6 in Dodging
  5469 | D:3      | Gained mutation: You have a pair of small horns on your
                  | head. [demonic ancestry]
  5469 | D:3      | Reached XP level 8. HP: 26/56 MP: 8/8
  6044 | D:5      | Gained mutation: You cannot study or use magical devices.
                  | [Ru sacrifice]
  6044 | D:5      | Reached **** piety under Ru
  6044 | D:5      | Reached ***** piety under Ru
  6091 | D:5      | Reached skill level 6 in Long Blades
  6091 | D:5      | Reached skill level 7 in Dodging
  6164 | D:5      | Reached skill level 2 in Throwing
  6787 | D:5      | Found a staircase to the Ecumenical Temple.
  7055 | D:6      | Reached skill level 3 in Throwing
  7124 | D:6      | You pick up a book of Displacement and begin reading...
  7124 | D:6      | You add the spells Lesser Beckoning, Gell's Gravitas and
                  | Teleport Other to your library.
  7492 | D:6      | You fall into a shaft and drop 2 floors!
  7664 | D:8      | Gained mutation: You have a tail ending in a sharp stinger.
                  | [demonic ancestry]
  7664 | D:8      | Reached XP level 9. HP: 61/61 MP: 9/9
  7666 | D:8      | Reached skill level 7 in Long Blades
  7798 | D:8      | Reached skill level 4 in Throwing
  7798 | D:8      | Reached skill level 8 in Dodging
  8595 | D:8      | You pick up a book of Sloth and begin reading...
  8595 | D:8      | You add the spells Petrify, Metabolic Englaciation and
                  | Statue Form to your library.
  8876 | D:8      | Found Liakhlusupp's Antique Armour Boutique.
  9575 | D:9      | Reached skill level 5 in Throwing
  9797 | D:9      | Reached skill level 8 in Long Blades
 10009 | D:9      | Reached skill level 9 in Dodging
 10030 | D:9      | Gained mutation: You cannot be stealthy. [Ru sacrifice]
 10262 | D:9      | Noticed a two-headed ogre
 10266 | D:9      | Noticed a troll
 10274 | D:9      | Killed a two-headed ogre
 10275 | D:9      | Reached XP level 10. HP: 33/67 MP: 1/10
 10307 | D:9      | HP: 15/100 [troll (12)]
 10311 | D:9      | Reached skill level 9 in Long Blades
 10600 | D:9      | Noticed a centaur warrior
 10617 | D:9      | Killed a centaur warrior
 10618 | D:9      | Reached skill level 10 in Dodging
 10738 | D:9      | Found a staircase to the Lair.
 10738 | D:9      | Noticed a green ugly thing
 10755 | D:9      | Killed a green ugly thing
 10886 | D:9      | HP: 6/67 [yak (13)]
 11099 | D:9      | Found a basalt altar of Yredelemnul.
 11193 | D:9      | Reached skill level 10 in Long Blades
 11503 | D:9      | Noticed a two-headed ogre
 11503 | D:9      | Noticed a two-headed ogre
 11503 | D:9      | Noticed a tengu warrior
 11503 | D:9      | Noticed a two-headed ogre
 11512 | D:9      | Killed a two-headed ogre
 11512 | D:9      | Killed a two-headed ogre
 11513 | D:9      | Reached skill level 2 in Armour
 11513 | D:9      | Gained mutation: You have a pair of horns on your head.
                  | [demonic ancestry]
 11513 | D:9      | Reached XP level 11. HP: 58/72 MP: 2/11
 11538 | D:9      | HP: 4/72 [tengu warrior/+2 long sword of flaming (16)]
 11538 | D:9      | Slain by a tengu warrior

Vanquished Creatures
  3 two-headed ogres (D:9)
  A centaur warrior (D:9)
  Pikel (D:3)
  An ugly thing (D:9)
  3 trolls (D:9)
  A shadow (D:9)
  7 yaks (D:9)
  A steam dragon (D:9)
  A vampire mosquito (D:9)
  An acid dragon (D:9)
  A water moccasin (D:9)
  3 orc warriors
  2 black bears (D:5)
  An ogre (D:6)
  4 centaurs
  2 phantoms
  4 kobold brigands (D:9)
  4 bullfrogs
  A necrophage (D:4)
  4 scorpions
  8 wights
  4 killer bees (D:9)
  A howler monkey (D:8)
  A hound (D:4)
  A jelly (D:8)
  5 orc priests
  3 gnoll shamans
  2 iguanas
  6 orc wizards
  8 gnolls
  An adder (D:2)
  A shadow imp (D:5)
  An ufetubus (D:6)
  A dart slug (D:1)
  30 orcs
  A bat (D:2)
  6 endoplasms
  2 giant cockroaches (D:2)
  5 goblins
  4 hobgoblins
  7 ball pythons
  4 frilled lizards
  19 kobolds
  3 rats
170 creatures vanquished.

Vanquished Creatures (collateral kills)
  An orc warrior (D:8)
  2 kobold brigands
  An orc (D:3)
4 creatures vanquished.

Vanquished Creatures (others)
  A wyvern (D:9)
  A sky beast (D:6)
  An adder (D:5)
  A quokka (D:5)
  A fungus (D:9)
  5 plants (D:9)
10 creatures vanquished.

Grand Total: 184 creatures vanquished

Table legend:
 A = Non-vault XP
 B = Vault XP
 C = Vault XP percentage of total XP
 D = Non-vault monster count
 E = Vault monster count
 F = Vault count percentage of total count
                 A         B        C        D         E       F
            +---------+---------+-------+---------+---------+-------
      Total |    5617 |    6809 |  54.8 |     140 |      37 |  20.9
            +---------+---------+-------+---------+---------+-------
        D:1 |      29 |       0 |   0.0 |      16 |       0 |   0.0
        D:2 |      71 |       0 |   0.0 |      15 |       0 |   0.0
        D:3 |     228 |     641 |  73.8 |      21 |       1 |   4.5
        D:4 |     572 |       0 |   0.0 |      19 |       0 |   0.0
        D:5 |     584 |       0 |   0.0 |      12 |       0 |   0.0
        D:6 |     464 |       0 |   0.0 |       9 |       0 |   0.0
        D:8 |    1496 |       0 |   0.0 |      30 |       0 |   0.0
        D:9 |    2173 |    6168 |  73.9 |      18 |      36 |  66.7
            +---------+---------+-------+---------+---------+-------

Illustrated notes

Table legend:
 A = Kills in this place as a percentage of kills in entire the game.
 B = Kills by you in this place as a percentage of kills by you in the entire game.
 C = Kills by friends in this place as a percentage of kills by friends in the entire game.
 D = Other kills in this place as a percentage of other kills in the entire game.
 E = Experience gained in this place as a percentage of experience gained in the entire game.
 F = Experience gained in this place divided by the number of levels of this place that you have seen.
                   A       B       C       D       E      F
               +-------+-------+-------+-------+-------+----------------------
         Total | 100.0 | 100.0 | 100.0 | 100.0 | 100.0 | 1553.2
       Dungeon | 100.0 | 100.0 | 100.0 | 100.0 | 100.0 | 1553.2
               +-------+-------+-------+-------+-------+----------------------

Table legend: (Time is in decaauts)
 A = Elapsed time spent in this place.
 B = Non-inter-level travel time spent in this place.
 C = Inter-level travel time spent in this place.
 D = Time resting spent in this place.
 E = Time spent auto-exploring this place.
 F = Levels seen in this place.
 G = Mean time per level.
                   A        B        C        D        E       F      G
               +--------+--------+--------+--------+--------+-----+--------+
         Total |  11583 |  11303 |    280 |   5194 |   4488 |   8 | 1447.9 |
       Dungeon |  11583 |  11303 |    280 |   5194 |   4488 |   8 | 1447.9 |
               +--------+--------+--------+--------+--------+-----+--------+

Top non-repeatable levels by time:
     D:9: 2120 daAuts
     D:8: 1870 daAuts
     D:4: 1847 daAuts
     D:3: 1745 daAuts
     D:2: 1356 daAuts
     D:1: 1176 daAuts
     D:6: 858 daAuts
     D:5: 608 daAuts
